 Dungeon Crawl Stone Soup version 0.29.1-2-gbd0b4ee654 (webtiles) character file.

Game seed: 17838582218042260552

183704 DildoBatman the Necromancer (level 18, -21/134 HPs)
             Began as a Formicid Conjurer on Nov 18, 2022.
             Was an Initiate of Gozag.
             Killed from afar by a will-o-the-wisp (30 damage)
             ... with a foxfire
             ... on level 1 of the Swamp on Nov 20, 2022.
             The game lasted 02:09:24 (30819 turns).

DildoBatman the Necromancer (Formicid Conjurer)    Turns: 30819, Time: 02:09:25

Health: -21/134    AC: 18    Str: 12 (14) XL:     18   Next: 63%
Magic:  29/37      EV: 13    Int: 33 (36) God:    Gozag
Gold:   7914       SH: 19    Dex: 15 (17) Spells: 15/41 levels left

rFire   . . .      SeeInvis +   a - +9 staff of Olgreb {rPois∞}
rCold   . . .      Faith    .   n - +0 tower shield
rNeg    . . .      Spirit   .   o - +4 troll leather armour
rPois   ∞          Reflect  .   (helmet unavailable)
rElec   .          Harm     .   U - +0 cloak
rCorr   .          Rampage  .   T - +2 pair of gloves {Dex+3}
Will    +....                   v - +0 pair of boots
Stlth   +.........              m - amulet of magic regeneration
HPRegen 1.12/turn               u - ring "Jowioqeo" {Wiz Dex+4}
MPRegen 0.65/turn               O - +6 ring of intelligence

@: marked, gold aura, studying Throwing, very slow
A: permanent stasis, dig shafts and tunnels, antennae 3, four strong arms,
iridescent scales 1, clever 1, high MP 1, screaming 1, strong 1
}: 1/15 runes: gossamer
a: Dig, Shaft Self, Renounce Religion, Evoke the Staff of Olgreb, Potion
Petition, Call Merchant, Bribe Branch


You were on level 1 of the Swamp.
You worshipped Gozag.
Gozag was greatly pleased with you.
You visited 6 branches of the dungeon, and saw 28 of its levels.
You also visited: Sewer, Bailey, Gauntlet and Ice Cave.

You collected 9968 gold pieces.
You spent 1176 gold pieces at shops.
You paid 878 gold pieces to Gozag.

Inventory:

Hand Weapons
 a - the +9 staff of Olgreb (weapon) {rPois∞}
   (You took it off Arachne on level 3 of the Spider Nest)

   If the wielder is skilled in Evocations, they can envenom those struck by it,
   dealing poison damage which bypasses armour.
   It enhances your poison magic.
   It grants immunity to poison.
   It can be activated via the 'a'bility menu to radiate toxic energy, with
   effectiveness depending on Evocations skill.
 b - the +11 whip "Yffymuvu" {vorpal, Dex+4}
   (You found it in a Gauntlet)

   It inflicts extra damage upon your enemies.
   Dex:       It affects your dexterity (+4).
 H - the +1 great sword of Disorder {holy, *Rage rN++}
   (You found it on level 15 of the Dungeon)

   It has been blessed by the Shining One to cause great damage to the undead
   and demons.
   rN:        It greatly protects you from negative energy.
   *Rage:     It berserks you when you make melee attacks (+20% chance).
 S - a +1 longbow of flaming
Missiles
 f - 8 throwing nets (quivered)
 x - 12 silver javelins
Armour
 e - a scarf of resistance
 n - a +0 tower shield (worn)
 o - a +4 troll leather armour (worn)
 v - a +0 pair of boots (worn)
 T - a +2 pair of gloves of dexterity (worn)
 U - a +0 cloak (worn)
Magical Staves
 K - a staff of earth
 N - a staff of death
Jewellery
 k - a ring of willpower
 l - a ring of flight
 m - an amulet of magic regeneration (around neck)
 r - a ring of poison resistance
 u - the ring "Jowioqeo" (left hand) {Wiz Dex+4}
   (You found it in a Gauntlet)

   [ring of wizardry]

   It improves your spell success rate.
   Dex:       It affects your dexterity (+4).
 D - a ring of protection from fire
 E - a ring of protection from cold
 O - a +6 ring of intelligence (right hand)
Wands
 t - a wand of quicksilver (4)
 Q - a wand of iceblast (22)
Scrolls
 c - 2 scrolls of immolation
 h - 5 scrolls of summoning
 p - 9 scrolls of amnesia
 s - 3 scrolls of butterflies
 y - a scroll of poison
 z - 15 scrolls of identify
 C - a scroll of brand weapon
 F - a scroll of fear
 I - 4 scrolls of enchant weapon
 J - 3 scrolls of magic mapping
 P - a scroll of enchant armour
Potions
 d - a potion of might
 i - 10 potions of curing
 j - 6 potions of brilliance
 q - 12 potions of heal wounds
 w - 4 potions of magic
 A - 3 potions of invisibility
 G - 5 potions of ambrosia
 L - 4 potions of cancellation
 W - 4 potions of mutation
Miscellaneous
 R - a box of beasts
 V - a phial of floods


   Skills:
 - Level 10.0 Fighting
 - Level 10.0 Armour
 - Level 7.0 Dodging
 - Level 2.4 Stealth
 - Level 15.0 Shields
 - Level 12.0 Spellcasting
 - Level 6.0 Conjurations
 * Level 19.1 Necromancy
 - Level 7.0 Ice Magic
 - Level 6.0 Air Magic
 - Level 9.0 Earth Magic
 - Level 6.0 Poison Magic


You had 15 spell levels left.
You knew the following spells:

 Your Spells              Type           Power      Damage    Failure   Level
a - Searing Ray           Conj           100%       2d8       1%          2
b - Stone Arrow           Conj/Erth      100%       3d13      1%          3
c - Frozen Ramparts       Ice            100%       1d16      1%          3
d - Vampiric Draining     Necr           98%        2d13      0%          3
e - Mephitic Cloud        Conj/Pois/Air  73%        N/A       1%          3
f - Necromutation         Tmut/Necr      35%        N/A       98%         8
h - Dispel Undead         Necr           98%        3d31      1%          4

Your spell library contained the following spells:

 Spells                   Type           Power      Damage    Failure   Level
 Necrotise                Necr           100%       1d9       0%          1
 Freeze                   Ice            100%       1d11      1%          1
 Magic Dart               Conj           100%       1d8       1%          1
 Sandblast                Erth           100%       2d20      1%          1
 Ensorcelled Hibernation  Hex/Ice        84%        N/A       1%          2
 Passwall                 Tmut/Erth      40%        N/A       1%          2
 Static Discharge         Conj/Air       56%        3-10/arc  1%          2
 Anguish                  Hex/Necr       35%        N/A       1%          4
 Agony                    Necr           98%        N/A       1%          5
 Death Channel            Necr           49%        N/A       1%          6
 Dazzling Flash           Conj/Hex       78%        N/A       2%          3
 Hailstorm                Conj/Ice       58%        3d13      2%          4
 Ignite Poison            Fire/Tmut/Pois 49%        N/A       4%          3
 Freezing Cloud           Conj/Ice/Air   28%        6-21      6%          5
 Ice Form                 Ice/Tmut       42%        N/A       8%          4
 Summon Ice Beast         Ice/Summ       42%        N/A       8%          4
 Borgnjor's Revivificati  Necr           49%        N/A       8%          8
 Infestation              Necr           49%        N/A       8%          8
 Inner Flame              Hex/Fire       19%        N/A       9%          3
 Lesser Beckoning         Tloc           19%        N/A       9%          3
 Portal Projectile        Hex/Tloc       38%        N/A       9%          3
 Tukima's Dance           Hex            19%        N/A       9%          3
 Fulminant Prism          Conj/Hex       19%        3d11      9%          4
 Iskenderun's Mystic Bla  Conj/Tloc      39%        2d9       9%          4
 Sticky Flame             Conj/Fire      39%        2d6       9%          4
 Cause Fear               Hex            9%         N/A       28%         4
 Haunt                    Necr/Summ      35%        N/A       43%         7
 Blade Hands              Tmut           9%         N/A       61%         5
 Manifold Assault         Tloc           19%        N/A       61%         5
 Summon Forest            Summ/Tloc      9%         N/A       61%         5
 Summon Mana Viper        Hex/Summ       19%        N/A       61%         5
 Death's Door             Necr           49%        N/A       71%         9
 Summon Cactus Giant      Summ           9%         N/A       98%         6
 Dragon Form              Tmut           9%         N/A       100%        7
 Discord                  Hex            9%         N/A       100%        8
 Dragon's Call            Summ           9%         N/A       100%        9
 Swiftness                Air            Unusable   N/A       N/A         3
 Animate Dead             Necr           Unusable   N/A       N/A         4
 Corpse Rot               Necr/Pois/Air  Unusable   N/A       N/A         4
 Simulacrum               Ice/Necr       Unusable   N/A       N/A         6
 Blink                    Tloc           Unusable   N/A       N/A         2

Dungeon Overview and Level Annotations

Branches:
Dungeon (15/15)            Temple (1/1) D:5            Lair (5/5) D:8
  Swamp (1/4) Lair:3       Spider (4/4) Lair:2        Slime (0/5) Lair:5
    Orc (2/2) D:12            Elf (0/3) Orc:2        Vaults (0/5) D:14
 Depths (0/4) D:15          Sewer (visited)          Bailey (visited)
  IceCv (visited)         Gauntlet (visited)

Altars:
Ashenzari
Cheibriados
Dithmenos
Elyvilon
Fedhas
Gozag
Hepliaklqana
Kikubaaqudgha
Makhleb
Nemelex Xobeh
Okawaru
Qazlal
Ru
Sif Muna
Trog
Uskayaw
Vehumet
Wu Jian
Xom
Yredelemnul
Zin
The Shining One
Jiyva

Shops:
D:4 =   D:5 *(?**   D:9 *   D:10 [   D:11 ?[=!*   D:13 =   D:15 [   Orc:2 *=:=

Annotations:
Swamp:1 Jorgrun


Innate Abilities, Weirdness & Mutations

You cannot be hasted, slowed, berserked, paralysed or teleported.
You can dig through walls and to a lower floor.
You have a pair of large antennae on your head. (SInv)
Your four strong arms can wield two-handed weapons with a shield.
You are partially covered in iridescent scales. (AC +2)
Your mind is acute. (Int +4, Str/Dex -1)
You have an increased reservoir of magic. (+10% MP)
You occasionally shout uncontrollably at your foes.
Your muscles are strong. (Str +4, Int/Dex -1)


Message History

You block the swamp worm's attack.
The goliath frog is engulfed in noxious fumes.
You block the goliath frog's attack. The foxfire hits you!
A swamp drake comes into view.
The roots grasp on you weakens, but your attempt to escape fails.
The foxfire hits you!!
A spriggan rider comes into view. It is wielding a +0 spear.
The goliath frog is engulfed in noxious fumes.
The goliath frog hits itself!!
The goliath frog is killed!
You block the swamp worm's attack.
The tyrant leech bites you but does no damage.
The swamp worm is engulfed in noxious fumes.
The swamp worm appears confused.
The swamp worm bites the goliath frog!
The grasping roots constrict you!
The goliath frog is engulfed in noxious fumes.
The goliath frog barely misses you.
A spriggan rider comes into view. It is wielding a +0 spear.
The will-o-the-wisp gestures.
The will-o-the-wisp conjures some foxfire!
A spriggan rider comes into view. It is wielding a +0 spear.
A swamp drake comes into view.
You yell at the swamp drake! 2 foxfires come into view.
You escape the roots grasp.
The swamp worm attacks as you move away!
You block the swamp worm's attack.
You enter the shallow water.
Moving in this stuff is going to be slow.
The swamp worm is engulfed in noxious fumes.
You block the goliath frog's attack.
The tyrant leech is engulfed in noxious fumes.
The tyrant leech appears confused.
The will-o-the-wisp gestures.
The will-o-the-wisp conjures some foxfire!
The foxfire hits you!!
You die...
Your body crumbles into a pile of gold.

♣.~~~~...
♣♣♣♣.~~~§...
♣§..~~~.....
♣♣.~~~~~....~
♣♣♣.~~~g§~..~~
♣~..~~○~☼~~♣
♣..~~§○w.♣
♣~....<°°♣
♣♣..~.~@F♣♣
♣♣♣♣.wvww♣
♣..§v.v...♣
♣~.§.w§§...♣
♣....§.§.tk.♣
♣♣...§~v~~~.k~
♣...~v§~~i.k.
♣♣♣.~v§~~~.i.
♣..~~~~...i


You could see Jorgrun, an alligator (swift), 3 tyrant leeches, 2 spriggan
riders, a goliath frog, 2 will-o-the-wisps, 2 swamp worms and 3 swamp drakes.

Vanquished Creatures
  Arachne (Spider:3)
  Gastronok (Lair:1)
  5 emperor scorpions
  4 ghost moths
  A very ugly thing (D:14)
  Nessos (D:13)
  A minotaur (Gauntlet)
  6 spark wasps
  Snorg (D:10)
  Harold (D:11)
  Josephine (D:15)
  8 boulder beetles
  4 radroaches
  A vault guard (D:14)
  4 jorogumos
  7 hydras
  2 catoblepae
  2 two-headed ogres
  5 death yaks (Lair:5)
  3 centaur warriors
  7 orc high priests (Orc:2)
  A tengu warrior (D:15)
  Nergalle (D:10)
  6 pharaoh ants
  A fire crab (Gauntlet)
  A goliath frog (Swamp:1)
  10 orb spiders
  5 steelbarb worms
  A deep troll (shapeshifter) (D:13)
  2 sun moths
  2 deep elf pyromancers
  3 orc knights
  Pikel (D:4)
  A wizard (Gauntlet)
  9 ugly things
  29 wolf spiders
  A manticore (shapeshifter) (D:15)
  An orc sorcerer (Orc:2)
  4 moths of wrath
  4 molten gargoyles (D:12)
  23 elephants
  A black mamba (Lair:5)
  8 cyclopes
  5 manticores
  Maurice (D:10)
  5 cane toads
  Joseph (D:8)
  A gargoyle (D:11)
  6 torpor snails
  3 ice statues (IceCv)
  Maggie (D:10)
  4 rime drakes
  An unseen horror (D:11)
  11 komodo dragons
  10 demonic crawlers
  A yaktaur (D:13)
  An efreet (D:14)
  Psyche (D:8)
  A freezing wraith (IceCv)
  7 trolls
  A tengu conjurer (D:15)
  An ice devil (Gauntlet)
  6 meliai
  3 burning bushes (Lair:5)
  5 polar bears
  24 blink frogs
  29 tarantellas
  6 hornets
  12 dream sheep
  2 slime creatures (D:15)
  28 jumping spiders
  32 culicivoras
  10 spriggans (Lair:5)
  2 shadows
  6 wraiths
  2 dire elephant simulacra (IceCv)
  5 wyverns
  5 basilisks
  46 yaks
  3 death yak simulacra
  4 fire bats (Gauntlet)
  Grum (Lair:1)
  28 redbacks
  2 steam dragons
  Menkaure (D:5)
  Edmund (D:5)
  9 wargs
  A harpy simulacrum (IceCv)
  8 vampire mosquitoes
  5 swamp worms
  An acid dragon (D:10)
  19 water moccasins
  2 hell hounds (Gauntlet)
  20 orc warriors
  3 sky beasts
  5 ice beasts
  9 ogres
  6 boggarts
  10 black bears
  48 wolves
  16 centaurs
  2 phantoms
  4 lemures
  2 kobold brigands
  15 bullfrogs
  2 necrophages (D:6)
  A two-headed ogre simulacrum (Orc:1)
  2 cane toad simulacra
  A gnoll sergeant (D:12)
  2 scorpions
  8 wights
  13 killer bees
  An elephant simulacrum (IceCv)
  A howler monkey (shapeshifter) (D:13)
  2 hounds
  35 orc priests
  4 gnoll boudas (D:11)
  3 iguanas
  15 orc wizards
  Ijyb (D:5)
  A hell rat (Sewer)
  A troll simulacrum (Orc:1)
  A spriggan simulacrum (Orc:1)
  A polar bear simulacrum (Orc:1)
  20 gnolls
  2 naga simulacra (Orc:1)
  10 adders
  A river rat (Sewer)
  8 white imps
  2 dart slugs (D:4)
  86 orcs
  4 ball pythons
  3 endoplasms
  9 giant cockroaches
  7 goblins
  6 hobgoblins
  3 jackals (D:3)
  5 quokkas
  5 bats
  A frilled lizard (D:3)
  22 kobolds
  11 rats
  4 butterflies (D:2)
995 creatures vanquished.

Vanquished Creatures (collateral kills)
  2 jumping spiders
2 creatures vanquished.

Vanquished Creatures (others)
  A ghost moth (Spider:3)
  An entropy weaver (Spider:3)
  A jumping spider (Spider:2)
  A culicivora (Spider:3)
  A ball python (D:4)
  4 bushes
  4 foxfires (Swamp:1)
  22 fungi
  48 plants
83 creatures vanquished.

Grand Total: 1080 creatures vanquished

Notes
Turn   | Place    | Note
-------+----------+-------------------------------------------
     0 | D:1      | DildoBatman the Formicid Conjurer began the quest for the
                  | Orb.
     0 | D:1      | Reached XP level 1. HP: 13/13 MP: 3/3
   564 | D:1      | Reached XP level 2. HP: 19/19 MP: 1/5
   568 | D:1      | Learned a level 2 spell: Searing Ray
   946 | D:2      | Reached XP level 3. HP: 24/24 MP: 1/6
  1064 | D:2      | Found a faded altar of an unknown god.
  1577 | D:3      | Reached XP level 4. HP: 30/30 MP: 5/7
  1580 | D:3      | Reached skill level 5 in Conjurations
  1652 | D:3      | Identified the +2 leather armour of Entitlement {Harm rF+}
  1758 | D:3      | Reached XP level 5. HP: 18/35 MP: 2/8
  1948 | D:3      | Noticed a centaur
  2387 | D:4      | Reached XP level 6. HP: 22/42 MP: 1/9
  2391 | D:4      | Reached skill level 1 in Armour
  2405 | D:4      | Found a white marble altar of Elyvilon.
  2549 | D:4      | Reached skill level 1 in Fighting
  2559 | D:4      | Noticed a steam dragon
  2686 | D:4      | Noticed Pikel
  2838 | D:4      | Found a glowing drain.
  2862 | Sewer    | Entered a sewer
  2966 | Sewer    | Reached XP level 7. HP: 17/42 MP: 1/11
  3166 | D:4      | Found a glowing golden altar of the Shining One.
  3205 | D:4      | Found Runkyucw's One-of-a-Kind Rings.
  3678 | D:5      | Entered Level 5 of the Dungeon
  3684 | D:5      | Noticed Menkaure
  3788 | D:5      | Noticed Ijyb
  3837 | D:4      | Killed a steam dragon
  4021 | D:5      | Found Ythammiv's Assorted Antiques.
  4075 | D:5      | Bought a scroll of identify for 48 gold pieces
  4075 | D:5      | Bought a murky purple potion for 21 gold pieces
  4109 | D:5      | Found a staircase to the Ecumenical Temple.
  4113 | Temple   | Entered the Ecumenical Temple
  4113 | Temple   | Found a transporter.
  4113 | Temple   | Found a transporter.
  4115 | Temple   | Found a transporter.
  4115 | Temple   | Found a transporter.
  4150 | Temple   | Became a worshipper of Kikubaaqudgha
  4246 | D:4      | Killed Pikel
  4247 | D:4      | Reached XP level 8. HP: 21/58 MP: 5/18
  4251 | D:4      | Learned a level 3 spell: Stone Arrow
  4408 | D:5      | Identified the +0 robe "Minoff" {Contam rC+++ Str-4 Int+3}
  4448 | D:5      | Reached XP level 9. HP: 36/65 MP: 2/19
  4594 | D:5      | Reached skill level 1 in Earth Magic
  4631 | D:5      | Killed Ijyb
  4643 | D:5      | Found Maliowup's Antique Weapon Emporium.
  4655 | D:5      | Found Askam's General Store.
  4713 | D:5      | Killed Menkaure
  4794 | D:5      | Reached skill level 5 in Fighting
  4794 | D:5      | Reached skill level 5 in Armour
  4813 | D:5      | Noticed Edmund
  4875 | D:5      | Found Vyqucaupn's Magic Scroll Shoppe.
  4883 | D:5      | Bought a scroll of identify for 26 gold pieces
  5006 | D:5      | Killed Edmund
  5126 | D:5      | Found Qujo's General Store.
  5134 | D:5      | Bought a scroll of identify for 28 gold pieces
  5134 | D:5      | Bought a scroll of identify for 28 gold pieces
  5134 | D:5      | Bought a scroll of identify for 28 gold pieces
  5183 | D:5      | Noticed a hornet
  5187 | D:5      | Killed a hornet
  5188 | D:5      | Reached skill level 5 in Earth Magic
  5518 | D:6      | Reached XP level 10. HP: 64/74 MP: 10/20
  5900 | D:6      | Reached * piety under Kikubaaqudgha
  5900 | D:6      | Received a gift from Kikubaaqudgha
  5924 | D:6      | Learned a level 3 spell: Vampiric Draining
  5928 | D:6      | Learned a level 3 spell: Frozen Ramparts
  5973 | D:6      | Reached skill level 1 in Necromancy
  6126 | D:7      | Reached skill level 2 in Necromancy
  6134 | D:7      | Reached skill level 1 in Shields
  6242 | D:7      | Found a sacrificial altar of Ru.
  6321 | D:7      | Reached skill level 5 in Shields
  6831 | D:8      | Noticed Psyche
  6840 | D:8      | Killed Psyche
  6874 | D:8      | Found a hide-covered altar of Uskayaw.
  7180 | D:8      | Reached ** piety under Kikubaaqudgha
  7286 | D:8      | Reached skill level 3 in Necromancy
  7359 | D:8      | Reached XP level 11. HP: 79/79 MP: 18/21
  7367 | D:8      | Reached skill level 4 in Necromancy
  7369 | D:8      | Reached skill level 5 in Necromancy
  7471 | D:8      | Found a staircase to the Lair.
  7623 | D:8      | Noticed Joseph
  7632 | D:8      | HP: 3/79 [Joseph/sling bullet (18)]
  8129 | D:9      | Found Utifee's CLEARANCE SALE!.
  8149 | D:9      | Reached skill level 6 in Necromancy
  8158 | D:9      | Bought a scroll of identify for 16 gold pieces
  8346 | D:9      | Found a flagged portal.
  8528 | Bailey   | Entered a bailey
  8535 | Bailey   | Noticed an orc knight
  8578 | Bailey   | Reached *** piety under Kikubaaqudgha
  8578 | Bailey   | Received a gift from Kikubaaqudgha
  8586 | Bailey   | Learned a level 4 spell: Dispel Undead
  8822 | Bailey   | Killed an orc knight
  8823 | Bailey   | Reached skill level 1 in Ice Magic
  9727 | D:10     | Entered Level 10 of the Dungeon
  9818 | D:10     | Found an ornate altar of the Wu Jian Council.
  9839 | D:10     | Reached skill level 7 in Necromancy
  9842 | D:10     | Noticed Snorg
  9890 | D:10     | Found Baurillu's Armour Boutique.
 10050 | D:10     | Killed Snorg
 10198 | D:10     | Reached **** piety under Kikubaaqudgha
 10207 | D:10     | Reached XP level 12. HP: 37/88 MP: 1/23
 10224 | D:10     | HP: 4/88 [poisoned by a killer bee]
 10357 | D:10     | Noticed Maggie
 10764 | D:10     | Noticed Nergalle
 10770 | D:10     | Killed Nergalle
 10980 | D:10     | Killed Maggie
 11015 | D:10     | Noticed Maurice
 11032 | D:10     | Killed Maurice
 11392 | D:11     | Found Laemaq's Magic Scroll Shop.
 11400 | D:11     | Bought a scroll of noise for 10 gold pieces
 11400 | D:11     | Bought a scroll of enchant armour for 75 gold pieces
 11400 | D:11     | Bought a scroll of enchant armour for 75 gold pieces
 11400 | D:11     | Bought a scroll of fear for 40 gold pieces
 11400 | D:11     | Bought 2 scrolls of identify for 40 gold pieces
 11458 | D:11     | Noticed a boulder beetle
 11555 | D:11     | Found Nosax's Jewellery Boutique.
 11626 | D:11     | Noticed Harold
 11645 | D:11     | Found Ilulagah's Distillery.
 11653 | D:11     | Bought a potion of brilliance for 56 gold pieces
 11653 | D:11     | Bought a potion of curing for 42 gold pieces
 11653 | D:11     | Bought a potion of mutation for 112 gold pieces
 11653 | D:11     | Bought 2 potions of cancellation for 224 gold pieces
 11653 | D:11     | Bought a potion of heal wounds for 70 gold pieces
 11653 | D:11     | Bought a potion of curing for 42 gold pieces
 11653 | D:11     | Gained mutation: Your magical capacity is low. (-10% MP)
                  | [potion of mutation]
 11653 | D:11     | Gained mutation: Your natural rate of healing is unusually
                  | fast. [potion of mutation]
 11654 | D:11     | Lost mutation: Your natural rate of healing is unusually
                  | fast. [potion of mutation]
 11654 | D:11     | Lost mutation: Your magical capacity is low. (-10% MP)
                  | [potion of mutation]
 11654 | D:11     | Gained mutation: You are strong-willed. (Will+) [potion of
                  | mutation]
 11654 | D:11     | Gained mutation: You have a beak for a mouth. [potion of
                  | mutation]
 11656 | D:11     | Lost mutation: You have a beak for a mouth. [potion of
                  | mutation]
 11656 | D:11     | Lost mutation: You are strong-willed. (Will+) [potion of
                  | mutation]
 11656 | D:11     | Gained mutation: You have large cloven feet. [potion of
                  | mutation]
 11656 | D:11     | Gained mutation: You occasionally lose the ability to drink
                  | potions when taking damage. [potion of mutation]
 11657 | D:11     | Lost mutation: You occasionally lose the ability to drink
                  | potions when taking damage. [potion of mutation]
 11657 | D:11     | Lost mutation: You have large cloven feet. [potion of
                  | mutation]
 11657 | D:11     | Gained mutation: Your mind is acute. (Int +4, Str/Dex -1)
                  | [potion of mutation]
 11657 | D:11     | Gained mutation: You are partially covered in iridescent
                  | scales. (AC +2) [potion of mutation]
 11657 | D:11     | Gained mutation: Your muscles are strong. (Str +4, Int/Dex
                  | -1) [potion of mutation]
 11677 | D:11     | Found Forch's Armour Boutique.
 11814 | D:11     | Found Abbyib's Serpentskin Sales.
 11825 | D:11     | Reached skill level 5 in Dodging
 11934 | D:11     | Killed a boulder beetle
 12007 | D:11     | Killed Harold
 12084 | D:11     | Reached skill level 8 in Necromancy
 12415 | D:12     | Noticed a two-headed ogre
 12427 | D:12     | Killed a two-headed ogre
 12597 | D:12     | Reached XP level 13. HP: 88/97 MP: 17/25
 12611 | D:12     | Found a staircase to the Orcish Mines.
 12728 | D:12     | Reached skill level 5 in Ice Magic
 13014 | Orc:1    | Entered Level 1 of the Orcish Mines
 13034 | Orc:1    | Reached ***** piety under Kikubaaqudgha
 13217 | Orc:1    | Found a frozen archway.
 13399 | IceCv    | Entered an ice cave
 13501 | IceCv    | Identified the +0 ring mail "Qetaigex" {rPois rC++ Str-4}
 13871 | Orc:2    | Entered Level 2 of the Orcish Mines
 14304 | Orc:2    | Reached skill level 9 in Necromancy
 14427 | Orc:2    | Found Botsob's Book Shoppe.
 14427 | Orc:2    | Found Vusmeor's Jewellery Boutique.
 14742 | Orc:2    | Found Woafot's General Store.
 14742 | Orc:2    | Found Mougius's Jewellery Boutique.
 14748 | Orc:2    | Bought a scroll of butterflies for 52 gold pieces
 14748 | Orc:2    | Bought a potion of invisibility for 104 gold pieces
 14748 | Orc:2    | Bought a potion of curing for 39 gold pieces
 14796 | Orc:2    | Reached ****** piety under Kikubaaqudgha
 14803 | Orc:2    | Found a staircase to the Elven Halls.
 14817 | Orc:2    | Received a gift from Kikubaaqudgha
 14829 | Orc:1    | Fell from the grace of Kikubaaqudgha
 15024 | Temple   | Became a worshipper of Gozag Ym Sagoz the Greedy
 15453 | D:8      | Killed Joseph
 15718 | Orc:1    | You fall into a shaft and drop 1 floor!
 15945 | D:13     | Identified the +2 scale mail "Qithous" {rN++ Str+6 SInv}
 15973 | D:13     | Reached XP level 14. HP: 83/97 MP: 17/27
 16005 | D:13     | Found Muemp's Jewellery Shoppe.
 16178 | D:13     | Noticed Nessos
 16193 | D:13     | Killed Nessos
 16194 | D:13     | Reached skill level 10 in Spellcasting
 16564 | D:13     | Reached skill level 10 in Fighting
 16564 | D:13     | Reached skill level 10 in Armour
 16946 | D:14     | Reached skill level 10 in Shields
 17079 | D:14     | Found a gate leading to a gauntlet.
 17104 | Gauntlet | Entered a Gauntlet
 17104 | Gauntlet | Found a transporter.
 17104 | Gauntlet | Found a transporter.
 17113 | Gauntlet | Found a transporter.
 17117 | Gauntlet | Found a transporter.
 17129 | Gauntlet | Found a transporter.
 17129 | Gauntlet | Found a transporter.
 17135 | Gauntlet | Found a runed translucent gate.
 17135 | Gauntlet | Found a runed translucent gate.
 17135 | Gauntlet | Found a runed translucent gate.
 17137 | Gauntlet | Found a transporter.
 17154 | Gauntlet | Found a transporter.
 17154 | Gauntlet | Noticed a reaper
 17168 | Gauntlet | Found a transporter.
 17172 | Gauntlet | Found a transporter.
 17183 | Gauntlet | Found a transporter.
 17184 | Gauntlet | Found a transporter.
 17313 | Gauntlet | Found a runed translucent door.
 17816 | Gauntlet | Identified the ring "Jowioqeo" {Wiz Dex+4}
 17889 | Gauntlet | Noticed a minotaur
 17901 | Gauntlet | Killed a minotaur
 17912 | Gauntlet | Identified the +11 whip "Yffymuvu" {vorpal, Dex+4}
 18155 | D:14     | Noticed a cyan very ugly thing
 18517 | D:14     | Found a gate to the Vaults.
 18632 | D:14     | Killed a cyan very ugly thing
 18772 | D:15     | Entered Level 15 of the Dungeon
 18932 | D:15     | Found Meixo's Antique Armour Shoppe.
 19013 | D:15     | Reached XP level 15. HP: 71/115 MP: 13/29
 19044 | D:15     | Found a staircase to the Depths.
 19190 | D:15     | Reached skill level 15 in Shields
 19237 | D:15     | Noticed Josephine
 19284 | D:15     | Killed Josephine
 19314 | D:15     | Identified the +1 great sword of Disorder {holy, *Rage
                  | rN++}
 19734 | Lair:1   | Entered Level 1 of the Lair of Beasts
 19895 | Lair:1   | Noticed Grum
 19903 | Lair:1   | Killed Grum
 20400 | Lair:2   | Noticed Gastronok
 20429 | Lair:1   | Killed Gastronok
 20640 | Lair:2   | Reached skill level 10 in Necromancy
 20695 | Lair:2   | Found a hole to the Spider Nest.
 21709 | Lair:3   | Was forgiven by Kikubaaqudgha
 21810 | Lair:3   | Reached skill level 11 in Necromancy
 22134 | Lair:3   | Found a staircase to the Swamp.
 22529 | Lair:4   | Reached XP level 16. HP: 109/122 MP: 32/32
 22593 | Lair:4   | Reached skill level 12 in Necromancy
 23263 | Lair:5   | Entered Level 5 of the Lair of Beasts
 23311 | Lair:5   | Reached skill level 13 in Necromancy
 23649 | Lair:5   | Reached skill level 14 in Necromancy
 24037 | Lair:5   | Found a staircase to the Slime Pits.
 24037 | Lair:5   | Found a viscous altar of Jiyva.
 24319 | Lair:5   | Reached skill level 15 in Necromancy
 24681 | D:8      | Identified a scroll of acquirement
 24684 | D:8      | Acquired 1072 gold pieces
 24742 | Spider:1 | Entered Level 1 of the Spider Nest
 24838 | Lair:2   | Learned a level 3 spell: Mephitic Cloud
 24898 | Lair:2   | Reached skill level 1 in Poison Magic
 24947 | Lair:2   | Reached skill level 1 in Air Magic
 25046 | Spider:1 | Noticed an emperor scorpion
 25073 | Lair:2   | Killed an emperor scorpion
 25238 | Spider:1 | Reached XP level 17. HP: 104/128 MP: 17/33
 25456 | Spider:1 | Reached skill level 5 in Poison Magic
 26320 | Spider:2 | Reached skill level 5 in Air Magic
 26761 | Spider:2 | Reached skill level 16 in Necromancy
 27007 | Spider:3 | Learned a level 8 spell: Necromutation
 27316 | Spider:3 | Gained mutation: You have an increased reservoir of magic.
                  | (+10% MP) [mutagenic glow]
 27323 | Spider:3 | Gained mutation: You occasionally shout uncontrollably at
                  | your foes. [mutagenic glow]
 28003 | Spider:3 | Reached skill level 17 in Necromancy
 28183 | Spider:4 | Entered Level 4 of the Spider Nest
 28440 | Spider:4 | Reached XP level 18. HP: 115/132 MP: 26/37
 28762 | Spider:4 | Noticed Arachne
 28787 | Spider:3 | Killed Arachne
 28998 | Spider:4 | Reached skill level 18 in Necromancy
 29055 | Spider:4 | Identified the ring of Melee {Fly MP+9 Str+6 Dex-5 Stlth+}
 30173 | Spider:4 | Reached skill level 19 in Necromancy
 30590 | Spider:4 | Got a gossamer rune of Zot
 30808 | Swamp:1  | Entered Level 1 of the Swamp
 30812 | Swamp:1  | Noticed Jorgrun
 30819 | Swamp:1  | Killed from afar by a will-o-the-wisp

Illustrated notes

Levels and vault maps discovered:
D:1:      dpeg_arrival_oval, layout_basic
D:2:      layout_rooms, serial_aquarium, aquarium_bridge_island_small
          [aquarium_subvault_small_open, aquarium_subvault_wall,
          aquarium_subvault_bridge, aquarium_subvault_bridge,
          aquarium_subvault_bridge], aquarium_bridge_straight
          [aquarium_subvault_bridge, aquarium_subvault_wall,
          aquarium_subvault_bridge, aquarium_subvault_window],
          aquarium_window_double, aquarium_window_3, aquarium_window_fake,
          aquarium_window_2, aquarium_view_2d,
          shapermc_ecumenical_altar_acropolis
D:3:      layout_basic
D:4:      layout_basic, nicolae_overflow_crystal_walls, elyvilon_altar_1,
          gup_sewer_entry_pipe, nicolae_shop_unique_rings, minmay_manual_mail,
          uniq_pikel
D:5:      layout_loops_ring, minmay_temple_entry_enclosed_plants, serial_shops,
          kennysheep_mini, nicolae_shop_advertising_works
          [nicolae_subvault_shop_adworks], shop, nicolae_lakefront_shop, shop,
          corexii_corridor_pit, kennysheep_potato, uniq_edmund, uniq_ijyb,
          uniq_menkaure
D:6:      layout_loops_ring
D:7:      layout_loops_ring, amcnicky_altar_gilded, minivault_5
D:8:      layout_basic, eat_drink_and_be_merry_uskayaw, minmay_lair_entry_grove,
          uniq_joseph, uniq_psyche
D:9:      layout_grid_maze, enter_bailey_6, nicolae_shop_clearance
D:10:     layout_basic, lemuel_round_altar, serial_shops,
          nicolae_shop_hallway_plus, uniq_maurice, uniq_maggie, uniq_nergalle,
          uniq_snorg
D:11:     kennysheep_seaside_town, layout_small_grid, serial_shops, shop, shop,
          shop, nicolae_shop_stone, guppyfry_shop_venom, uniq_harold
D:12:     layout_rooms, orc_0_dummy, minivault_8
D:13:     layout_stronghold, serial_shops, shop, nicolae_eternal_life,
          grunt_tough_drop, uniq_nessos
D:14:     layout_rooms, david_vaults_5, gauntlet_entry_generic, chequers_jeans
D:15:     hangedman_depths_entry_try_elsewhere_first, layout_loops_ring,
          serial_shops, nicolae_shop_trees, uniq_josephine
Temple:   hellmonk_temple_divided_pantheon
Lair:1:   layout_loops_ring, uniq_grum
Lair:2:   layout_cave_pods, nicolae_spider_entry_orb_guardian, worms_lemuel,
          uniq_gastronok
Lair:3:   layout_misc_corridors, palyth_hydra_swamp_entry, beast_lair_carwin_5,
          serial_bayou_shore_b, grunt_megastairs_1, lemuel_fruit_tree,
          serial_bayou_shore_b
Lair:4:   layout_roguey
Lair:5:   minmay_lair_end_enchanted_forest, layout_cave_pods, slime_entry_1,
          evilmike_ambush [evilmike_ambush_outer_basic,
          evilmike_ambush_inner_pond], serial_bayou_shore_b
Swamp:1:  layout_basic_swamp, lemuel_altar_in_water, swamp_pool5, uniq_roxanne,
          uniq_jorgrun
Spider:1: layout_spider_delve
Spider:2: layout_spider_delve, nicolae_spider_orb_run
Spider:3: layout_spider_delve, guppyfry_hornet_nest
Spider:4: grunt_spider_rune_parallel, uniq_arachne
Orc:1:    layout_caves, portal_ice_cave_entry_ice_simulacra
Orc:2:    st_orc_town, layout_caves

Skill      XL: |  1  2  3  4  5  6  7  8  9 10 11 12 13 14 15 16 17 18 |
---------------+-------------------------------------------------------+-----
Conjurations   | 4 5 6 |  6.0
Dodging        | 2 3 4 5 7 |  7.0
Armour         | 2 3 4 5 6 7 9 10 | 10.0
Fighting       | 2 3 4 5 6 7 9 10 | 10.0
Spellcasting   | 3 7 8 9 10 12 | 12.0
Earth Magic    | 7 9 |  9.0
Necromancy     | 3 7 8 9 11 15 17 19 | 19.1
Shields        | 9 14 15 | 15.0
Ice Magic      | 3 4 6 7 |  7.0
Poison Magic   | 3 6 |  6.0
Air Magic      | 2 6 |  6.0
Stealth        | |  2.4

Action                   |  1- 3 |  4- 6 |  7- 9 | 10-12 | 13-15 | 16-18 || total
-------------------------+-------+-------+-------+-------+-------+-------++-------
Melee: Whip              |    16 |    42 |     4 |       |   323 |   514 ||   899
       Lajatang          |     3 |    15 |       |       |       |       ||    18
       Halberd           |       |       |       |   117 |   336 |       ||   453
       Longbow           |       |       |       |       |       |     2 ||     2
       Staff             |       |       |       |       |       |    58 ||    58
 Fire: Sling             |       |    13 |       |       |     3 |       ||    16
       Arbalest          |       |       |    41 |   207 |    82 |       ||   330
       Longbow           |       |       |       |       |    54 |   316 ||   370
 Cast: Magic Dart        |    37 |    19 |     4 |    15 |       |       ||    75
       Searing Ray       |     1 |    16 |    29 |    43 |     8 |    15 ||   112
       Stone Arrow       |       |       |     9 |    55 |   142 |   330 ||   536
       Vampiric Draining |       |       |       |    32 |    19 |    61 ||   112
       Frozen Ramparts   |       |       |       |     9 |    75 |    82 ||   166
       Dispel Undead     |       |       |       |     1 |     6 |     7 ||    14
       Mephitic Cloud    |       |       |       |       |       |   163 ||   163
Invok: Receive Forbidden |       |       |       |       |     1 |       ||     1
       Renounce Religion |       |       |       |       |     1 |       ||     1
 Abil: Dig               |       |     3 |     1 |     1 |     9 |     4 ||    18
Evoke: Wand              |       |       |       |       |     1 |       ||     1
  Use: Scroll            |       |     2 |     3 |       |    19 |     4 ||    28
       Potion            |       |       |       |     4 |       |     1 ||     5
 Stab: Sleeping          |     3 |       |       |       |     1 |     1 ||     5
       Distracted        |       |       |       |       |     3 |     3 ||     6
       Confused          |       |       |       |       |       |    28 ||    28
Armor: Robe              |     4 |     1 |       |       |       |       ||     5
       Leather armour    |       |    39 |     7 |    60 |    17 |       ||   123
       Ring mail         |       |       |       |       |    70 |       ||    70
       Troll leather arm |       |       |       |       |   209 |   464 ||   673
Dodge: Dodged            |    18 |    63 |    31 |   137 |   314 |   576 ||  1139
Block: Kite shield       |       |       |       |   129 |   347 |       ||   476
       Reflection        |       |       |       |       |    26 |       ||    26
       Tower shield      |       |       |       |       |   384 |  1369 ||  1753
